 Dungeon Crawl Stone Soup version 0.21.1-1-g345015f (webtiles) character file.

13019 Inchmeat the Earth Mage (level 12, -6/66 HPs)
             Began as a Gargoyle Earth Elementalist on May 21, 2018.
             Was an Elder of Vehumet.
             Killed from afar by an orc sorcerer (36 damage)
             ... with a bolt of fire
             ... on level 2 of the Orcish Mines on May 22, 2018.
             The game lasted 00:37:08 (14136 turns).

Inchmeat the Earth Mage (GrEE)                     Turns: 14136, Time: 00:37:09

Health: -6/66      AC: 25    Str: 12    XL:     12   Next: 1%
Magic:  0/20       EV: 10    Int: 21    God:    Vehumet [****..]
Gold:   1239       SH:  0    Dex: 10    Spells: 4/21 levels left

rFire    . . .     SeeInvis .   B - +0 flail (protect)
rCold    + . .     Gourm    +   (no shield)
rNeg     + . .     Faith    .   i - +4 ring mail {rC+}
rPois    ∞         Spirit   .   (no helmet)
rElec    +         Reflect  .   C - scarf {repulsion}
rCorr    .         Harm     .   (no gloves)
MR       .....                  f - +0 pair of boots
Stlth    +.........             A - amulet of the gourmand
HPRegen  0.21/turn              (no ring)
MPRegen  0.17/turn              h - +4 ring of slaying

@: protection aura, repel missiles
A: negative energy resistance 1, electricity resistance, unbreathing,
petrification resistance, rot immunity, AC +8
a: Renounce Religion


You were on level 2 of the Orcish Mines.
You worshipped Vehumet.
Vehumet was greatly pleased with you.
You were full.

You visited 3 branches of the dungeon, and saw 13 of its levels.
You also visited: Ossuary.

You collected 1239 gold pieces.

Inventory:

Hand Weapons
 g - a +2 short sword of electrocution
 k - a +0 dagger of venom
 t - a cursed +2 morningstar
 B - a +0 flail of protection (weapon)
Armour
 f - a +0 pair of boots (worn)
 i - a +4 ring mail of cold resistance (worn)
 C - a scarf of repulsion (worn)
 P - a +0 troll leather armour
Jewellery
 h - a +4 ring of slaying (right hand)
 x - an uncursed ring of fire
 z - an uncursed ring of flight
 A - an amulet of the gourmand (around neck)
 H - an uncursed ring of ice
Wands
 j - a wand of acid (1)
 w - a wand of flame (42)
 y - a wand of enslavement (8)
 O - a wand of digging (14)
Scrolls
 a - 8 scrolls of remove curse {@r2}
 l - 7 scrolls of teleportation
 s - 4 scrolls of fog {unknown}
 v - 2 scrolls of magic mapping
 G - a scroll of amnesia {unknown}
 L - a scroll of summoning {unknown}
 M - a scroll of enchant armour
Potions
 n - 2 potions of agility
 o - 2 potions of invisibility
 p - 5 potions of curing {@q1}
 r - 5 potions of flight
 E - a potion of haste
 F - a potion of heal wounds
 I - 2 potions of berserk rage
 J - 2 potions of lignification
Books
 c - a book of Minor Magic

   Spells                             Type                      Level
   a - Magic Dart                     Conjuration                  1
   b - Blink                          Translocation                2
   c - Call Imp                       Summoning                    2
   d - Slow                           Hexes                        2
   e - Conjure Flame                  Conjuration/Fire             3
   f - Mephitic Cloud                 Conjuration/Poison/Air       3
 e - a book of Geomancy

   Spells                             Type                      Level
   a - Sandblast                      Earth                        1
   b - Passwall                       Transmutation/Earth          2
   c - Stone Arrow                    Conjuration/Earth            3
   d - Petrify                        Transmutation/Earth          4
   e - Lee's Rapid Deconstruction     Earth                        5
 u - a book of Cantrips

   Spells                             Type                      Level
   a - Confusing Touch                Hexes                        1
   b - Animate Skeleton               Necromancy                   1
   c - Summon Small Mammal            Summoning                    1
   d - Apportation                    Translocation                1
 K - a book of Party Tricks

   Spells                             Type                      Level
   a - Summon Butterflies             Summoning                    1
   b - Apportation                    Translocation                1
   c - Lesser Beckoning               Translocation                3
   d - Tukima's Dance                 Hexes                        3
   e - Alistair's Intoxication        Transmutation/Poison         5
   f - Invisibility                   Hexes                        6
 N - a book of Maledictions

   Spells                             Type                      Level
   a - Corona                         Hexes                        1
   b - Ensorcelled Hibernation        Hexes/Ice                    2
   c - Confuse                        Hexes                        3
   d - Tukima's Dance                 Hexes                        3
   e - Dazzling Spray                 Conjuration/Hexes            3
Miscellaneous
 m - a crystal ball of energy
 q - a phial of floods
Comestibles
 b - 5 chunks of flesh
 d - 13 rations


   Skills:
 * Level 3.9 Fighting
 - Level 1.5 Dodging
 - Level 2.1 Stealth
 + Level 5.4 Spellcasting
 - Level 10.0 Conjurations
 - Level 5.0 Translocations
   Level 0.7 Transmutations
 - Level 5.0 Fire Magic
 - Level 15.0 Earth Magic
 - Level 2.1 Poison Magic


You had 4 spell levels left.
You knew the following spells:

 Your Spells              Type           Power        Failure   Level  Hunger
a - Sandblast             Erth           ######       1%          1    None
b - Conjure Flame         Conj/Fire      #####...     1%          3    ##.....
c - Mephitic Cloud        Conj/Pois/Air  ###.....     4%          3    ##.....
d - Stone Arrow           Conj/Erth      ######       1%          3    ##.....
e - Lee's Rapid Deconstr  Erth           ######....   1%          5    #####..
f - Blink                 Tloc           N/A          4%          2    None


Dungeon Overview and Level Annotations

Branches:
Dungeon (10/15)            Temple (1/1) D:6             Orc (2/2) D:9
    Elf (0/3) Orc:2
   Lair: D:8-11

Altars:
Cheibriados
Dithmenos
Elyvilon
Fedhas
Gozag
Hepliaklqana
Nemelex Xobeh
Qazlal
Sif Muna
Uskayaw
Vehumet
Xom
The Shining One
Beogh

Portals:
Labyrinth: Orc:2

Annotations:
D:3 cheese's ghost, weakling DsFi
D:9 2 transporters, exclusion: oklob plant


Innate Abilities, Weirdness & Mutations

You are resistant to torment.
Your stone body is resilient. (AC +8)
You are immune to poison.
You resist negative energy. (rN+)
You are resistant to electric shocks. (rElec)
You can survive without breathing.
You are immune to petrification.
You are immune to rotting.


Message History

Castin': Stone Arrow Confirm wit' . or Enter, or press ? or * ta list all spells.
Ye dinnae haf enough magic ta cast tha spell.
Unknown command.
An orc priest comes inta view.
It be wieldin' a hand axe.
Tha orc priest shouts!
Tha orc sorcerer gestures wildly while chantin'.
Tha orc priest invokes tha aid o' Beogh against ye.
Beogh smites ye!
Tha orc warrior hits ye but does nay damage.
Ye hit tha orc sorcerer.
Yer weapon 'sudes an aura o' protection.
Tha orc sorcerer be almost dead.
Tha ogre hits ye wit' a giant club!
Tha orc sorcerer hits ye but does nay damage.
Tha orc warrior completely misses ye.
Tha ogre hits ye but does nay damage.
Tha orc sorcerer points at ye an' mumbles some strange words.
Tha bolt o' fire hits ye!
Ouch! Tha re'lly hurt!
Ye die...

*,,,,,,,.....................##
*,,,,,,.....................###
*,,,,,,...................###**
*,,,,,,...................#**,*
*,,,,,,..................##*∩,∩
*,,,,,,.......$.........##*,,,,
*,,,,,,................##*,,*,*
**,,,,,.......O.......##*,,,,,,
*,,,,,,......O@o.....##*,,,*,*,
*,,,,,,......o......##*,,,,,,,,
**,,,,,.......3....##*,,*,*,,,,
*,,,,,,.∩.........##*,,**,,,,*,
*,,,,,,..........##*,,***,,,***
*,,,,,,.........##*,,***,,,**,*
*,,,,,,........o#*,,***,,,**,,,
*,,,,,,..........,,***,,,**,,,,
*,,,,,,,,,,,,,,,,,***,,,**,,*,*


You could see a ynoxinul, an orc sorcerer, an orc warrior, 2 ogres and an orc
priest.

Vanquished Creatures
  2 two-headed ogres (D:9)
  A tengu warrior (D:10)
  An orc sorcerer (Orc:1)
  A cyclops (Orc:1)
  An ice statue (D:7)
  A centaur zombie (D:10)
  A yaktaur (D:10)
  A freezing wraith (D:10)
  2 trolls
  2 hippogriffs
  A spriggan (D:7)
  5 yaks (D:10)
  A hungry ghost (D:7)
  Grum (D:8)
  Edmund (D:4)
  Duvessa (D:6)
  A black bear (D:10)
  A hornet zombie (D:10)
  14 orc warriors
  2 phantoms
  3 ice beasts
  3 necrophages
  4 wolves (D:8)
  6 ogres
  4 centaurs
  A crocodile (D:9)
  A big kobold (D:8)
  A bullfrog (D:9)
  Dowan (D:6)
  3 scorpions
  8 wights
  4 killer bees (D:9)
  2 howler monkeys
  7 crimson imps
  2 human zombies (Ossuary)
  A quasit (D:9)
  A bullfrog skeleton (D:9)
  10 orc priests
  5 centaur skeletons
  3 hounds
  4 jellies
  3 iguanas
  Jessica (D:2)
  4 worker ants
  19 orc wizards
  A big kobold zombie (Ossuary)
  A hound skeleton (D:7)
  2 mummies (Ossuary)
  2 worker ant zombies
  2 howler monkey zombies
  7 gnolls
  A howler monkey skeleton (D:10)
  5 adders
  2 adder zombies
  An adder skeleton (D:9)
  A worm (D:2)
  7 leopard geckos
  74 orcs
  3 ball pythons (D:3)
  7 giant cockroaches
  10 goblins
  5 hobgoblins
  7 jackals
  16 kobolds
  8 quokkas
  4 bats
  4 frilled lizards
  A goblin zombie (D:5)
  8 hobgoblin zombies (Ossuary)
  2 jackal skeletons
  A jackal zombie (Ossuary)
  9 kobold zombies (Ossuary)
  A leopard gecko skeleton (D:7)
  11 orc zombies (Ossuary)
  3 rats
  4 rat zombies
352 creatures vanquished.

Vanquished Creatures (others)
  11 toadstools (D:9)
11 creatures vanquished.

Grand Total: 363 creatures vanquished

Notes
Turn   | Place    | Note
-------+----------+-------------------------------------------
     0 | D:1      | Inchmeat the Gargoyle Earth Elementalist began the quest for the Orb.
     0 | D:1      | Reached XP level 1. HP: 10/10 MP: 3/3
   140 | D:1      | Reached skill level 4 in Earth Magic
   225 | D:1      | Reached XP level 2. HP: 15/15 MP: 5/5
  1121 | D:1      | Reached skill level 1 in Fighting
  1159 | D:1      | Reached XP level 3. HP: 14/20 MP: 6/6
  1341 | D:2      | Found a hazy altar of Hepliaklqana.
  1390 | D:2      | Noticed an air elemental
  1392 | D:2      | Found a stormy altar of Qazlal.
  1393 | D:2      | Noticed a water elemental
  1393 | D:2      | Noticed an earth elemental
  1393 | D:2      | Noticed a fire elemental
  2351 | D:2      | Noticed Jessica
  2385 | D:2      | Killed Jessica
  2385 | D:2      | Reached XP level 4. HP: 18/27 MP: 0/7
  2511 | D:2      | Identified Jessica's Almanac of Stolen Souls
  2517 | D:2      | Learned a level 3 spell: Conjure Flame
  2521 | D:2      | Learned a level 3 spell: Mephitic Cloud
  2686 | D:3      | Reached skill level 5 in Earth Magic
  2937 | D:3      | Reached skill level 1 in Conjurations
  2941 | D:3      | Reached XP level 5. HP: 31/31 MP: 2/8
  3119 | D:3      | Noticed cheese's ghost (weakling DsFi)
  3634 | D:3      | Found a faded altar of an unknown god.
  3872 | D:4      | Found a white marble altar of Elyvilon.
  3883 | D:4      | Found a shadowy altar of Dithmenos.
  4081 | D:4      | Found a glowing golden altar of the Shining One.
  4168 | D:4      | Noticed a phantom
  4173 | D:4      | Reached XP level 6. HP: 30/36 MP: 8/10
  4181 | D:4      | Killed a phantom
  4181 | D:4      | Reached skill level 6 in Earth Magic
  4411 | D:4      | Noticed Edmund
  4425 | D:4      | Killed Edmund
  4425 | D:4      | Reached XP level 7. HP: 33/40 MP: 7/12
  4706 | D:4      | Reached skill level 1 in Fire Magic
  4706 | D:4      | Reached skill level 1 in Poison Magic
  4807 | D:4      | Learned a level 3 spell: Stone Arrow
  4827 | D:5      | Entered Level 5 of the Dungeon
  4845 | D:5      | Found a shimmering altar of Xom.
  4929 | D:5      | Found a sand-covered staircase.
  4987 | Ossuary  | Entered an ossuary
  5324 | Ossuary  | Reached skill level 7 in Earth Magic
  5324 | Ossuary  | Reached XP level 8. HP: 26/45 MP: 14/14
  5632 | D:5      | Learned a level 5 spell: Lee's Rapid Deconstruction
  6250 | D:6      | Reached skill level 5 in Conjurations
  6294 | D:6      | Found a staircase to the Ecumenical Temple.
  6295 | D:6      | Noticed Dowan
  6296 | D:6      | Noticed Duvessa
  6310 | D:6      | Killed Duvessa
  6310 | D:6      | Reached skill level 5 in Spellcasting
  6315 | D:6      | Killed Dowan
  6315 | D:6      | Reached skill level 8 in Earth Magic
  6483 | Temple   | Entered the Ecumenical Temple
  6508 | Temple   | Became a worshipper of Vehumet
  6984 | D:6      | Reached skill level 9 in Earth Magic
  6984 | D:6      | Reached XP level 9. HP: 46/49 MP: 16/16
  7350 | D:7      | Reached * piety under Vehumet
  7350 | D:7      | Offered knowledge of Sting by Vehumet.
  7354 | D:7      | Learned a level 2 spell: Blink
  7498 | D:7      | Found a glowing golden altar of the Shining One.
  7613 | D:7      | Noticed an ice statue
  7616 | D:7      | Reached skill level 10 in Earth Magic
  7725 | D:7      | Killed an ice statue
  8104 | D:8      | Reached skill level 5 in Fire Magic
  8256 | D:8      | Reached ** piety under Vehumet
  8256 | D:8      | Offered knowledge of Shock by Vehumet.
  8256 | D:8      | Reached XP level 10. HP: 29/54 MP: 3/17
  8559 | D:8      | Reached skill level 11 in Earth Magic
  9229 | D:8      | Noticed Grum
  9239 | D:8      | Killed Grum
  9449 | D:9      | Noticed a deep elf archer
  9476 | D:9      | Found a transporter.
  9476 | D:9      | Found a snail-covered altar of Cheibriados.
  9484 | D:9      | Found a transporter.
  9519 | D:9      | Noticed a two-headed ogre
  9530 | D:9      | Noticed a two-headed ogre
  9530 | D:9      | Killed a two-headed ogre
  9530 | D:9      | Reached skill level 12 in Earth Magic
  9543 | D:9      | Killed a two-headed ogre
  9543 | D:9      | Offered knowledge of Ignite Poison by Vehumet.
  9626 | D:9      | Reached skill level 10 in Conjurations
  9671 | D:9      | Found a roughly hewn altar of Beogh.
  9671 | D:9      | Found a staircase to the Orcish Mines.
  9673 | D:9      | Reached *** piety under Vehumet
  9676 | D:9      | Reached XP level 11. HP: 59/59 MP: 5/18
  9676 | D:9      | Reached skill level 13 in Earth Magic
  9736 | D:9      | Offered knowledge of Static Discharge by Vehumet.
  9808 | D:9      | HP: 1/59 [orc warrior/trident (6)]
 10115 | D:9      | Found a blossoming altar of Fedhas.
 10126 | D:9      | Noticed an oklob plant
 10355 | D:10     | Entered Level 10 of the Dungeon
 10797 | D:10     | Noticed a tengu warrior
 10841 | D:10     | Reached skill level 14 in Earth Magic
 11082 | D:10     | Reached **** piety under Vehumet
 11135 | D:10     | Reached skill level 1 in Translocations
 11152 | D:10     | Killed a tengu warrior
 11152 | D:10     | Offered knowledge of Bolt of Draining by Vehumet.
 12145 | D:10     | Reached skill level 15 in Earth Magic
 12243 | Orc:1    | Entered Level 1 of the Orcish Mines
 12282 | Orc:1    | Noticed an orc sorcerer
 12283 | Orc:1    | Noticed a soul eater
 12304 | Orc:1    | Killed an orc sorcerer
 13154 | Orc:1    | Noticed a cyclops
 13166 | Orc:1    | Killed a cyclops
 13750 | Orc:2    | Entered Level 2 of the Orcish Mines
 13987 | Orc:2    | Reached skill level 5 in Translocations
 14128 | Orc:2    | Reached XP level 12. HP: 47/66 MP: 6/20
 14131 | Orc:2    | Found a labyrinth entrance.
 14136 | Orc:2    | Killed from afar by an orc sorcerer

Skill      XL: |  1  2  3  4  5  6  7  8  9 10 11 |
---------------+----------------------------------+-----
Earth Magic    | 4 5 6 7 9 10 12 15 | 15.0
Fighting       | 1 2 3 |  3.9
Conjurations   | 1 2 3 4 5 7 10 | 10.0
Spellcasting   | 3 4 5 |  5.4
Fire Magic     | 1 3 5 |  5.0
Poison Magic   | 1 2 |  2.1
Translocations | 5 |  5.0
Dodging        | |  1.5
Stealth        | |  2.1
Transmutations | |  0.7

Action                   |  1- 3 |  4- 6 |  7- 9 | 10-12 || total
-------------------------+-------+-------+-------+-------++-------
Melee: Unarmed           |     6 |       |       |       ||     6
       Short sword       |   129 |   102 |   327 |    45 ||   603
       Flail             |       |       |       |   236 ||   236
 Cast: Sandblast         |    21 |    45 |    67 |   173 ||   306
       Conjure Flame     |       |       |     1 |     1 ||     2
       Lee's Rapid Decon |       |       |     7 |    18 ||    25
       Mephitic Cloud    |       |       |     3 |    15 ||    18
       Stone Arrow       |       |       |       |    11 ||    11
 Abil: Evoke Flight      |       |       |     1 |       ||     1
Evoke: Wand              |       |       |       |     3 ||     3
  Use: Scroll            |       |     7 |    13 |     5 ||    25
       Potion            |       |       |     5 |     4 ||     9
 Stab: Sleeping          |     4 |       |     1 |       ||     5
       Confused          |       |       |       |     1 ||     1
  Eat: Chunk             |     3 |     6 |    23 |    25 ||    57
       Ration            |     1 |       |     1 |       ||     2
Armor: Robe              |    47 |       |       |       ||    47
       Ring mail         |    10 |    52 |   227 |   305 ||   594
       Skin              |       |       |    42 |       ||    42
Dodge: Dodged            |   127 |    71 |   236 |   235 ||   669
       Deflected         |       |       |     6 |    10 ||    16
